 Dungeon Crawl Stone Soup version 0.26.0-3-g156281e41b (webtiles) character file.

Game seed: 11454089373222537245

25834 RBrandon the Nimble (level 13, 0/96 HPs)
             Began as a Barachi Air Elementalist on Jan 9, 2021.
             Was an Elder of Vehumet.
             Slain by an eight-headed hydra (6 damage)
             ... on level 4 of the Lair of Beasts on Jan 10, 2021.
             The game lasted 00:53:37 (13343 turns).

RBrandon the Nimble (Barachi Air Elementalist)     Turns: 13343, Time: 00:53:37

Health: 0/96       AC:  5    Str:  8    XL:     13   Next: 22%
Magic:  1/27       EV: 22    Int: 30    God:    Vehumet [****..]
Gold:   490        SH:  5    Dex: 15    Spells: 3/32 levels left

rFire    + . .     SeeInvis .   s - +2 spear (venom)
rCold    . . .     Faith    .   v - +0 buckler
rNeg     . . .     Spirit   .   J - +1 robe of Weightlessness {rElec rF+ Int+4}
rPois    .         Reflect  .   (no helmet)
rElec    +         Harm     .   (no cloak)
rCorr    .         Rampage  .   I - +0 pair of gloves
Will     .....                  H - +0 pair of boots
Stlth    ++........             (no amulet)
HPRegen  0.26/turn              b - +6 ring of intelligence
MPRegen  0.20/turn              E - ring of wizardry

@: brilliant, can't hop, slow
A: +LOS, swims, agile 1, slowness 1, weak 1, wild magic 1, strong legs 2
a: Hop, Renounce Religion


You were on level 4 of the Lair of Beasts.
You worshipped Vehumet.
Vehumet was greatly pleased with you.
You visited 2 branches of the dungeon, and saw 12 of its levels.
You also visited: Ossuary.

You collected 724 gold pieces.
You spent 234 gold pieces at shops.

Inventory:

Hand Weapons
 e - a +2 whip of flaming
   (You found it on level 1 of the Dungeon)
 f - a +0 hunting sling
 s - a +2 spear of venom (weapon)
   (You took it off a gnoll on level 3 of the Dungeon)
Missiles
 d - 334 stones
 t - 2 throwing nets
 y - 7 boomerangs of dispersal
Armour
 v - a +0 buckler (worn)
 H - a +0 pair of boots (worn)
 I - a +0 pair of gloves (worn)
 J - the +1 robe of Weightlessness (worn) {rElec rF+ Int+4}
   (You found it on level 2 of the Lair of Beasts)

   It affects your intelligence (+4).
   It protects you from fire.
   It insulates you from electricity.
Magical Staves
 a - an uncursed staff of fire
Jewellery
 b - a +6 ring of intelligence (left hand)
 E - a ring of wizardry (right hand)
Wands
 C - a wand of disintegration (10)
Scrolls
 c - a scroll of amnesia
 g - 5 scrolls of identify
 h - 4 scrolls of teleportation
 j - 4 scrolls of remove curse
 l - 4 scrolls of immolation
 o - a scroll of enchant armour {unknown}
 q - a scroll of vulnerability {unknown}
 A - a scroll of magic mapping
Potions
 k - 4 potions of mutation
 n - 9 potions of curing
 p - 4 potions of heal wounds
 u - a potion of resistance
 w - 4 potions of attraction
 D - a potion of haste
 G - a potion of flight
Miscellaneous
 m - a condenser vane


   Skills:
 - Level 7.4 Fighting
 - Level 13.7 Dodging
 - Level 1.8 Stealth
 - Level 4.0 Shields
 - Level 10.2 Spellcasting
 - Level 4.6 Conjurations
 - Level 7.1 Summonings
 - Level 7.1 Ice Magic
 - Level 5.7 Air Magic
 + Level 8.0 Earth Magic


You had 3 spell levels left.
You knew the following spells:

 Your Spells              Type           Power        Failure   Level
a - Shock                 Conj/Air       100%         1%          1
b - Swiftness             Air            77%          1%          2
c - Lee's Rapid Deconstr  Erth           44%          1%          5
d - Frozen Ramparts       Ice            100%         1%          3
e - Ozocubu's Armour      Ice            85%          1%          3
f - Summon Ice Beast      Ice/Summ       85%          1%          4
g - Searing Ray           Conj           100%         1%          2
h - Hailstorm             Conj/Ice       78%          1%          4
i - Iskenderun's Battles  Conj           71%          2%          5

Your spell library contained the following spells:

 Spells                   Type           Power        Failure   Level
 Freeze                   Ice            100%         1%          1
 Magic Dart               Conj           100%         1%          1
 Dazzling Flash           Conj/Hex       100%         1%          3
 Static Discharge         Conj/Air       74%          1%          3
 Airstrike                Air            38%          1%          4
 Fulminant Prism          Conj/Hex       27%          2%          4
 Iskenderun's Mystic Bla  Conj/Tloc      54%          2%          4
 Lightning Bolt           Conj/Air       37%          2%          5
 Bolt of Magma            Conj/Fire/Erth 34%          3%          5
 Iron Shot                Conj/Erth      40%          6%          6
 Spellforged Servitor     Conj/Summ      39%          30%         7
 Orb of Destruction       Conj           35%          43%         7


Dungeon Overview and Level Annotations

Branches:
Dungeon (8/15)             Temple (0/1) D:5            Lair (4/6) D:8
 Shoals (0/4) Lair:3        Snake (0/4) Lair:4      Ossuary (visited)

Altars:
Dithmenos
Kikubaaqudgha
Vehumet

Shops:
D:7 !

Annotations:
D:4 exclusion: phantom, Sigmund
D:8 Joseph
Lair:1 Harold
Lair:2 2 transporters, Elebi's ghost, journeyman DrTm


Innate Abilities, Weirdness & Mutations

You can be seen from farther away. (+LOS)
You can swim through water.
You cover ground slowly.
You can hop long distances.
You are agile. (Dex +2)
You are weak. (Str -2)
Your spells are a little harder to cast, but a little more powerful.


Message History

* * * LOW HITPOINT WARNING * * *
The eight-headed hydra bites you but does no damage.
The eight-headed hydra completely misses you.
The eight-headed hydra closely misses you.
The eight-headed hydra misses you.
The eight-headed hydra barely misses you.
The eight-headed hydra bites you.
* * * LOW HITPOINT WARNING * * *
Evoke which item? (* to show all) (? for menu, Esc to quit)
Okay, then.
As you read the scroll of fear, it crumbles to dust.
You assume a fearsome visage.
Your battlesphere is unaffected.
The naga looks frightened! x2
The eight-headed hydra resists with almost no effort.
The eight-headed hydra bites you!
* * * LOW HITPOINT WARNING * * *
The eight-headed hydra bites you but does no damage. x2
The eight-headed hydra bites you.
You die...

.≈≈≈≈≈≈≈≈.....#
#.♣♣
..≈≈≈≈≈...>...##
...≈...........##
#.♣♣
................##
#...
.........N.......
####
..P......N......#
.....
.##.............##
.#PP#
#.......*.D...P#
##.........@.##
##......####.#
###..#.. #
#P.....# ##
#...... ###. #...
.#... ......
...#..


You could see an eight-headed hydra, 2 nagas and a friendly battlesphere.

Vanquished Creatures
  A boulder beetle (Lair:4)
  6 hydras
  3 death yaks (Lair:1)
  Pikel (D:7)
  A manticore (Lair:3)
  9 elephants (Lair:4)
  11 cane toads
  A komodo dragon (Lair:4)
  A wind drake (Lair:3)
  24 yaks
  5 wyverns
  5 basilisks
  9 water moccasins
  An orc warrior (D:6)
  A sky beast (D:6)
  4 ogres
  21 wolves
  A black bear (D:8)
  3 centaurs (D:7)
  A lemure (D:7)
  A big kobold (D:7)
  8 bullfrogs
  A gnoll sergeant (D:6)
  A scorpion (D:6)
  3 wights (D:6)
  3 hounds
  3 centaur zombies
  3 orc priests
  A centaur skeleton (D:4)
  5 orc wizards
  Jessica (D:2)
  3 iguanas
  5 worker ants
  A killer bee zombie (D:6)
  2 hound skeletons
  2 mummies (Ossuary)
  4 gnolls (D:3)
  11 adders
  A howler monkey skeleton (D:6)
  A white imp (D:7)
  2 ufetubi
  An adder skeleton (D:7)
  A worm (D:6)
  A dart slug (D:2)
  2 leopard geckos
  12 orcs
  2 giant cockroaches
  8 goblins
  11 hobgoblins
  5 jackals
  5 quokkas
  2 ball pythons (D:1)
  6 bats
  A frilled lizard (D:2)
  A hobgoblin zombie (Ossuary)
  9 kobolds
  4 rats
242 creatures vanquished.

Vanquished Creatures (collateral kills)
  A hydra (Lair:2)
  A death yak (Lair:4)
  A centaur zombie (D:8)
  A cane toad (Lair:1)
  Grum (Lair:1)
  A yak (D:8)
  3 water moccasins
  A wolf (Lair:1)
  A centaur (D:8)
  An iguana (D:8)
12 creatures vanquished.

Vanquished Creatures (others)
  A human (D:3)
  3 bushes (D:8)
  15 fungi
  32 plants
51 creatures vanquished.

Grand Total: 305 creatures vanquished

Notes
Turn   | Place    | Note
-------+----------+-------------------------------------------
     0 | D:1      | RBrandon the Barachi Air Elementalist began the quest for
                  | the Orb.
     0 | D:1      | Reached XP level 1. HP: 13/13 MP: 3/3
   355 | D:1      | Reached XP level 2. HP: 19/19 MP: 3/5
   674 | D:1      | You fall into a shaft and drop 1 floor!
   680 | D:2      | Reached XP level 3. HP: 24/24 MP: 3/7
   897 | D:2      | Learned a level 2 spell: Swiftness
   901 | D:2      | Learned a level 3 spell: Static Discharge
  1167 | D:2      | Reached XP level 4. HP: 26/30 MP: 3/8
  1269 | D:2      | Noticed Jessica
  1278 | D:2      | Killed Jessica
  1730 | D:3      | Found a radiant altar of Vehumet.
  1746 | D:3      | Became a worshipper of Vehumet
  1937 | D:3      | Reached XP level 5. HP: 35/35 MP: 3/9
  2221 | D:3      | Found an ancient bone altar of Kikubaaqudgha.
  2323 | D:3      | Noticed a human
  2324 | D:3      | Killed a human
  2421 | D:4      | Reached skill level 5 in Air Magic
  2631 | D:4      | Noticed a phantom
  2718 | D:4      | Reached XP level 6. HP: 36/41 MP: 4/10
  2722 | D:4      | Found a shadowy altar of Dithmenos.
  2782 | D:4      | Noticed Sigmund
  2791 | D:5      | Entered Level 5 of the Dungeon
  2915 | D:5      | Learned a level 3 spell: Frozen Ramparts
  3142 | D:5      | Reached skill level 1 in Ice Magic
  3477 | D:5      | Found a staircase to the Ecumenical Temple.
  3753 | D:6      | Noticed a sky beast
  3767 | D:6      | Killed a sky beast
  3768 | D:6      | Reached XP level 7. HP: 32/46 MP: 8/12
  4173 | D:5      | Learned a level 3 spell: Ozocubu's Armour
  4268 | D:6      | Reached skill level 5 in Spellcasting
  4982 | D:6      | Gained mutation: Your spells are a little harder to cast,
                  | but a little more powerful. [potion of mutation]
  4982 | D:6      | Gained mutation: You are weak. (Str -2) [potion of
                  | mutation]
  4982 | D:6      | Gained mutation: You are agile. (Dex +2) [potion of
                  | mutation]
  5056 | D:6      | Reached XP level 8. HP: 52/52 MP: 9/15
  5149 | D:6      | Found a shadowy altar of Dithmenos.
  5168 | D:6      | Reached skill level 5 in Ice Magic
  5177 | D:6      | Reached * piety under Vehumet
  5177 | D:6      | Offered knowledge of Magic Dart by Vehumet.
  5923 | D:7      | Found a sand-covered staircase.
  5932 | D:7      | Learned a level 4 spell: Summon Ice Beast
  5938 | Ossuary  | Entered an ossuary
  5963 | Ossuary  | Reached skill level 1 in Summonings
  6648 | D:7      | Noticed Pikel
  6653 | D:7      | Killed Pikel
  6654 | D:7      | Reached XP level 9. HP: 57/57 MP: 6/16
  6951 | D:7      | Offered knowledge of Searing Ray by Vehumet.
  6956 | D:7      | Learned a level 2 spell: Searing Ray
  7151 | D:7      | Reached ** piety under Vehumet
  7511 | D:7      | Found Maeceafo's Distillery.
  7516 | D:7      | Bought a potion of haste for 130 gold pieces
  7516 | D:7      | Bought a potion of heal wounds for 65 gold pieces
  7516 | D:7      | Bought a potion of curing for 39 gold pieces
  7581 | D:8      | Noticed Joseph
  7731 | D:7      | Learned a level 4 spell: Hailstorm
  8007 | D:8      | Reached skill level 1 in Shields
  8429 | D:8      | Reached skill level 3 in Dodging
  8429 | D:8      | Reached XP level 10. HP: 53/63 MP: 7/21
  8429 | D:8      | Offered knowledge of Dazzling Flash by Vehumet.
  8430 | D:8      | Reached skill level 4 in Dodging
  8431 | D:8      | Reached skill level 5 in Dodging
  8434 | D:8      | Reached skill level 6 in Dodging
  8553 | D:8      | Found a staircase to the Lair.
  8612 | D:8      | Reached skill level 7 in Dodging
  8812 | Lair:1   | Entered Level 1 of the Lair of Beasts
  8837 | Lair:1   | Noticed a cane toad
  8858 | Lair:1   | Reached *** piety under Vehumet
  8859 | Lair:1   | Reached skill level 8 in Dodging
  8861 | Lair:1   | Killed a cane toad
  8998 | Lair:1   | Noticed Grum
  9006 | Lair:1   | Killed Grum
  9007 | Lair:1   | Reached skill level 9 in Dodging
  9199 | Lair:1   | Noticed a death yak
  9209 | Lair:1   | Noticed a death yak
  9229 | Lair:1   | Noticed a death yak
  9233 | Lair:1   | Killed a death yak
  9234 | Lair:1   | Reached skill level 10 in Dodging
  9234 | Lair:1   | Killed a death yak
  9235 | Lair:1   | Reached skill level 11 in Dodging
  9235 | Lair:1   | Reached XP level 11. HP: 51/68 MP: 9/22
  9239 | Lair:1   | Killed a death yak
  9521 | Lair:1   | Offered knowledge of Olgreb's Toxic Radiance by Vehumet.
  9632 | Lair:1   | Noticed Harold
  9676 | Lair:2   | Reached skill level 12 in Dodging
  9965 | Lair:2   | Reached skill level 13 in Dodging
 10061 | Lair:2   | Reached **** piety under Vehumet
 10130 | Lair:2   | Noticed Elebi's ghost (journeyman DrTm)
 10141 | Lair:2   | Noticed an eight-headed hydra
 10153 | Lair:2   | Killed an eight-headed hydra
 10240 | Lair:2   | Noticed a five-headed hydra
 10254 | Lair:2   | Killed a five-headed hydra
 10255 | Lair:2   | Reached XP level 12. HP: 84/84 MP: 6/23
 10381 | Lair:2   | Reached skill level 5 in Fighting
 10381 | Lair:2   | Offered knowledge of Lee's Rapid Deconstruction by Vehumet.
 10485 | Lair:2   | Noticed a seven-headed hydra
 10496 | Lair:2   | Killed a seven-headed hydra
 10700 | Lair:2   | Got an ominously black robe
 10706 | Lair:2   | Identified the cursed +1 robe of Weightlessness {rElec rF+
                  | Int+4} (You found it on level 2 of the Lair of Beasts)
 10854 | Lair:2   | Found a transporter.
 10858 | Lair:2   | Found a transporter.
 11173 | Lair:3   | Found a staircase to the Shoals.
 11339 | Lair:3   | Learned a level 5 spell: Iskenderun's Battlesphere
 11528 | Lair:3   | Noticed a five-headed hydra
 11537 | Lair:3   | Killed a five-headed hydra
 11822 | Lair:3   | Noticed an eight-headed hydra
 11840 | Lair:3   | Killed an eight-headed hydra
 12668 | Lair:4   | Noticed a four-headed hydra
 12676 | Lair:4   | Killed a four-headed hydra
 12677 | Lair:4   | Reached skill level 10 in Spellcasting
 12685 | Lair:4   | Learned a level 5 spell: Lee's Rapid Deconstruction
 12764 | Lair:4   | Reached skill level 1 in Earth Magic
 12883 | Lair:4   | Noticed a four-headed hydra
 12885 | Lair:4   | Noticed a death yak
 12908 | Lair:4   | Killed a death yak
 12968 | Lair:4   | Noticed a boulder beetle
 12990 | Lair:4   | Killed a four-headed hydra
 12991 | Lair:4   | Reached skill level 5 in Earth Magic
 13276 | Lair:4   | Killed a boulder beetle
 13277 | Lair:4   | Gained mutation: You can hop long distances. [Barachi
                  | growth]
 13277 | Lair:4   | Reached XP level 13. HP: 81/96 MP: 23/27
 13332 | Lair:4   | Found a staircase to the Snake Pit.
 13343 | Lair:4   | Slain by an eight-headed hydra

Illustrated notes

Levels and vault maps discovered:
D:1:      dpeg_arrival_snail, layout_loops_ring
D:2:      layout_rooms, corexii_item_surrounded_by_moat, uniq_jessica
D:3:      layout_basic, vehumet_crystals, tgw_kikubaaqudgha
D:4:      layout_cave_pools, serial_column_ruins, column_ruins_temple_hall,
          column_ruins_hut_pillars, column_ruins_open_small,
          column_ruins_columns_plus, column_ruins_grid_2, column_ruins_grid_2,
          column_ruins_open_tiny, uniq_sigmund
D:5:      layout_basic, minmay_temple_entry_enclosed_plants
D:6:      cheibrodos_fzero, layout_cave_pods, nicolae_dithmenos_the_darkroom
D:7:      layout_gridville, nicolae_ossuary_entry_monument, serial_shops,
          kennysheep_little_box, uniq_pikel
D:8:      layout_rooms, minmay_lair_entry_grove, uniq_joseph
Lair:1:   layout_chaotic_city, serial_bayou_crossing, grunt_megastairs_2,
          uniq_grum, uniq_harold
Lair:2:   layout_loops_ring, gammafunk_ghost_hive
Lair:3:   layout_cave_pods, minmay_shoals_entry_beasts, lemuel_fruit_fields,
          grunt_megastairs_1
Lair:4:   nzn_winding_woodlands_small [nzn_winding_woodlands_5x15_crooked,
          nzn_winding_woodlands_center_pierced_h,
          nzn_winding_woodlands_5x15_concentric], layout_cave_pods,
          guppyfry_snake_entry_island

Skill      XL: |  1  2  3  4  5  6  7  8  9 10 11 12 13 |
---------------+----------------------------------------+-----
Spellcasting   | 3 5 7 10 | 10.2
Conjurations   | 2 3 4 |  4.6
Air Magic      | 4 5 |  5.7
Ice Magic      | 2 4 7 |  7.1
Summonings     | 7 |  7.1
Shields        | 4 |  4.0
Dodging        | 3 11 13 | 13.7
Fighting       | 4 7 |  7.4
Earth Magic    | 6 8 |  8.0
Stealth        | |  1.8

Action                   |  1- 3 |  4- 6 |  7- 9 | 10-12 | 13-15 || total
-------------------------+-------+-------+-------+-------+-------++-------
Melee: Spear             |     3 |    14 |   150 |   140 |    25 ||   332
 Fire: Hunting sling     |    23 |     7 |       |       |       ||    30
 Cast: Shock             |    61 |    96 |    23 |    27 |     1 ||   208
       Static Discharge  |       |     4 |    11 |    11 |       ||    26
       Frozen Ramparts   |       |     3 |    24 |    36 |     1 ||    64
       Ozocubu's Armour  |       |       |    22 |    25 |     2 ||    49
       Summon Ice Beast  |       |       |     6 |    20 |     3 ||    29
       Hailstorm         |       |       |     4 |    23 |     3 ||    30
       Searing Ray       |       |       |     1 |     6 |     2 ||     9
       Iskenderun's Batt |       |       |       |     7 |     1 ||     8
       Lee's Rapid Decon |       |       |       |     6 |     2 ||     8
 Abil: Hop               |       |     5 |     8 |     8 |     2 ||    23
Evoke: Wand              |       |       |       |     1 |     1 ||     2
  Use: Potion            |       |     3 |     5 |       |     3 ||    11
       Scroll            |       |     1 |     5 |    13 |     2 ||    21
Armor: Robe              |     3 |     5 |     7 |     6 |    14 ||    35
       Leather armour    |       |       |    34 |    16 |       ||    50
Dodge: Dodged            |    12 |    31 |   106 |   126 |    55 ||   330
Block: Buckler           |       |       |       |    50 |    12 ||    62

Table legend: (Time is in decaauts)
 A = Elapsed time spent in this place.
 B = Non-inter-level travel time spent in this place.
 C = Inter-level travel time spent in this place.
 D = Time resting spent in this place.
 E = Time spent auto-exploring this place.
 F = Levels seen in this place.
 G = Mean time per level.
                   A        B        C        D        E       F      G
               +--------+--------+--------+--------+--------+-----+--------+
         Total |  14555 |  14019 |    536 |   3768 |   7704 |  13 | 1119.6 |
       Dungeon |   9559 |   9158 |    401 |   3021 |   4549 |   8 | 1194.9 |
          Lair |   4954 |   4820 |    134 |    747 |   3155 |   4 | 1238.5 |
       Ossuary |     40 |     40 |      0 |      0 |      0 |   1 |   40.0 |
               +--------+--------+--------+--------+--------+-----+--------+

Top non-repeatable levels by time:
     D:6: 2052 daAuts
     D:7: 1780 daAuts
  Lair:3: 1772 daAuts
     D:5: 1602 daAuts
  Lair:2: 1522 daAuts
     D:8: 1071 daAuts
     D:2: 1008 daAuts
  Lair:1: 937 daAuts
     D:3: 887 daAuts
     D:1: 735 daAuts
  Lair:4: 722 daAuts
     D:4: 421 daAuts
 Ossuary: 40 daAuts

Table legend:
 A = Kills in this place as a percentage of kills in entire the game.
 B = Kills by you in this place as a percentage of kills by you in the entire game.
 C = Kills by friends in this place as a percentage of kills by friends in the entire game.
 D = Other kills in this place as a percentage of other kills in the entire game.
 E = Experience gained in this place as a percentage of experience gained in the entire game.
 F = Experience gained in this place divided by the number of levels of this place that you have seen.
                   A       B       C       D       E      F
               +-------+-------+-------+-------+-------+----------------------
         Total | 100.0 | 100.0 | 100.0 |   N/A | 100.0 | 2839.0
       Dungeon |  58.1 |  58.9 |  41.7 |   N/A |  16.5 | 759.2
          Lair |  40.3 |  39.4 |  58.3 |   N/A |  83.3 | 7688.2
       Ossuary |   1.6 |   1.7 |   0.0 |   N/A |   0.2 |  80.0
               +-------+-------+-------+-------+-------+----------------------
